 Dungeon Crawl Stone Soup version 0.28.0-53-g5a82cb258f (webtiles) character file.

Game seed: 8928368377421929359

39 meekasboy2 the Skirmisher (level 3, -1/34 HPs)
             Began as a Minotaur Berserker on May 31, 2022.
             Was a Believer of Trog.
             Slain by Sigmund
             ... wielding a +0 scythe
              (9 damage)
             ... on level 2 of the Dungeon.
             The game lasted 00:03:35 (815 turns).

meekasboy2 the Skirmisher (Minotaur Berserker)       Turns: 815, Time: 00:03:35

Health: -1/34      AC:  6    Str: 23    XL:     3   Next: 28%
Magic:  2/2        EV: 10    Int:  4    God:    Trog [**....]
Gold:   80         SH:  0    Dex:  9    Spells: 2/2 levels left

rFire   . . .      SeeInvis .   a - +0 hand axe
rCold   . . .      Faith    .   (no shield)
rNeg    . . .      Spirit   .   c - +0 scale mail
rPois   .          Reflect  .   (helmet restricted)
rElec   .          Harm     .   (no cloak)
rCorr   .          Rampage  .   (no gloves)
Will    .....                   (no boots)
Stlth   ..........              (no amulet)
HPRegen 0.11/turn               (no ring)
MPRegen 0.08/turn               (no ring)

@: no status effects
A: horns 2, retaliatory headbutt
a: Renounce Religion, Berserk, Trog's Hand


You were on level 2 of the Dungeon.
You worshipped Trog.
Trog was pleased with you.
You visited 1 branch of the dungeon, and saw 2 of its levels.

You collected 80 gold pieces.

Inventory:

Hand Weapons
 a - a +0 hand axe (weapon)
Armour
 b - a +0 animal skin
 c - a +0 scale mail (worn)
Jewellery
 f - a +6 ring of intelligence
Scrolls
 d - a scroll of acquirement {unknown}
 e - a scroll of vulnerability {unknown}
 h - a scroll of identify {unknown}
Potions
 g - a potion of curing {unknown}


   Skills:
 + Level 4.4 Fighting
 + Level 4.3 Axes
 + Level 2.8 Armour
 + Level 2.3 Dodging


You had 2 spell levels left.
You didn't know any spells.
Your spell library was empty.

Dungeon Overview and Level Annotations

Branches:
Dungeon (2/15)

Altars:

Annotations:
D:2 Sigmund


Innate Abilities, Weirdness & Mutations

You have a pair of horns on your head.
You reflexively headbutt those who attack you in melee.


Message History

Sigmund hits you from afar with a +0 scythe.
You're too confused to move!
Sigmund barely misses you.
You see here an adder corpse.
Found a mace.
Sigmund barely misses you.
Okay, then.
You hit Sigmund. You headbutt Sigmund!
Sigmund is moderately wounded.
You hit Sigmund. Your headbutt misses Sigmund.
Sigmund is heavily wounded.
Sigmund hits you with a +0 scythe!
You closely miss Sigmund.
Sigmund is heavily wounded.
You feel less confused. Sigmund hits you but does no damage.
You hit Sigmund but do no damage.
Sigmund is heavily wounded.
Sigmund closely misses you.
You closely miss Sigmund.
Sigmund is heavily wounded.
You barely miss Sigmund.
Sigmund is heavily wounded.
Sigmund hits you with a +0 scythe.
* * * LOW HITPOINT WARNING * * *
You hit Sigmund but do no damage. Your headbutt misses Sigmund.
Sigmund is heavily wounded.
Sigmund closely misses you.
You hit Sigmund.
Sigmund is severely wounded.
Sigmund closely misses you. You furiously retaliate!
You headbutt Sigmund. You hit Sigmund but do no damage. You headbutt Sigmund.
Sigmund is almost dead.
You hit Sigmund.
Sigmund is almost dead.
Sigmund gestures wildly while chanting.
Sigmund flickers and vanishes!
Deactivating autopickup; reactivate with Ctrl-A.
You completely miss something. Something hits you but does no damage.
You closely miss something. Something hits you!
You die...

....# #..# ....# #..### ....# #
#.... ..).# #.#...## ...######
#####.#....###. .........
...............
...##################.#..#
........$.............#..#
.....#### #..@.#####..#
.....###### #)#{†.......#
...................#####.......
..................... .##.###
##.................### <# ..
#.............##### .# ##
#............. .#
#............. .# #............
..


There were no monsters in sight!

Vanquished Creatures
  An adder (D:2)
  A dart slug (D:1)
  2 endoplasms
  A giant cockroach (D:2)
  5 goblins (D:1)
  3 jackals (D:2)
  5 kobolds
  A quokka (D:2)
  5 ball pythons (D:1)
  2 rats
26 creatures vanquished.

Notes
Turn   | Place    | Note
-------+----------+-------------------------------------------
     0 | D:1      | meekasboy2 the Minotaur Berserker began the quest for the
                  | Orb.
     0 | D:1      | Reached XP level 1. HP: 19/19 MP: 0/0
   116 | D:1      | Reached XP level 2. HP: 14/27 MP: 1/1
   744 | D:2      | Reached XP level 3. HP: 22/34 MP: 2/2
   793 | D:2      | Noticed Sigmund
   799 | D:2      | Reached ** piety under Trog
   815 | D:2      | Slain by Sigmund

Illustrated notes

Levels and vault maps discovered:
D:1:      matt_arrival_grand_opening, layout_basic,
          chequers_serial_rivers_room_a, chequers_serial_rivers_micro_a,
          minmay_pentomino_q2
D:2:      layout_basic, uniq_sigmund

Skill      XL: |  1  2 |
---------------+-------+-----
Fighting       | 4 |  4.4
Axes           | 4 |  4.3
Armour         | |  2.8
Dodging        | |  2.3

Action                   || total
-------------------------++-------
Melee: Hand axe          ||    68
       Headbutt          ||     9
Invok: Berserk           ||     1
Armor: Scale mail        ||    34
Dodge: Dodged            ||    35
